 Dungeon Crawl Stone Soup version 0.17-a0-227-gf5308cc (webtiles) character file.

88 Ngotmuk the Covered (level 4, -3/40 HPs)
             Began as a Minotaur Fighter on Mar 30, 2015.
             Killed from afar by an orc wizard (5 damage)
             ... with a magic dart
             ... on level 3 of the Dungeon.
             The game lasted 00:04:44 (1510 turns).

Ngotmuk the Covered (Minotaur Fighter)              Turns: 1510, Time: 00:04:44

Health: -3/40      AC:  5    Str: 21    XL:     4   Next: 30%
Magic:  2/2        EV:  9    Int:  5    God:
Gold:   131        SH:  9    Dex: 10    Spells: 0 memorised, 3 levels left

rFire  . . .     SeeInvis .     a - +0 long sword
rCold  . . .     Clarity  .     o - +2 animal skin
rNeg   . . .     SustAb   .     c - +0 shield
rPois  .         Gourm    .     (helmet restricted)
rElec  .         Spirit   .     (no cloak)
rCorr  .         Warding  .     n - +0 pair of gloves
rMut   .         Stasis   .     (no boots)
MR     .....                    (no amulet)
Stlth  +.........               (no ring)
                                (no ring)

@: not resistant to hostile enchantments, very unstealthy
A: retaliatory headbutt, horns 2
a: no special abilities


You were on level 3 of the Dungeon.
You were hungry.

You visited 1 branch of the dungeon, and saw 3 of its levels.

You collected 131 gold pieces.

Inventory:

Hand weapons
 a - a +0 long sword (weapon)
Armour
 c - a +0 shield (worn)
 n - a +0 pair of gloves (worn)
 o - a +2 animal skin (worn)
Scrolls
 f - 4 scrolls of identify
 g - a scroll of magic mapping
 h - 2 scrolls of fog {unknown}
 j - 2 scrolls of teleportation {unknown}
 l - a scroll of recharging {unknown}
 p - a scroll of fear {unknown}
Potions
 e - 3 potions of might
 i - a potion of magic
 k - 2 potions of heal wounds {unknown}
 q - a potion of degeneration {unknown}
Comestibles
 b - a slice of pizza
 d - 3 bread rations
 m - a meat ration


   Skills:
 + Level 4.2 Fighting
 + Level 3.3 Long Blades
 + Level 4.4 Armour
 + Level 1.4 Dodging
 + Level 4.1 Shields


You had 3 spell levels left.
You didn't know any spells.

Dungeon Overview and Level Annotations

Branches:
Dungeon (3/15)

Altars:
Gozag
Kikubaaqudgha
Qazlal
The Shining One


Innate Abilities, Weirdness & Mutations

You reflexively headbutt those who attack you in melee.
You have a pair of horns on your head.


Message History

You bump into the rock wall.
The orc wizard closely misses you.
You hear some strange, mumbled words.
A puff of flame appears from out of thin air!
The puff of flame hits you!
The orc throws a tomahawk.
The tomahawk hits you but does no damage.
The orc wizard points at you and mumbles some strange words.
The magic dart hits you!
You bump into the rock wall.
You feel less confused. Something completely misses you.
The orc wizard casts a spell at you. The magic dart hits you!
* * * LOW HITPOINT WARNING * * *
You closely miss the orc wizard. Your headbutt misses the orc wizard.
You block the orc wizard's attack. Something hits you but does no damage.
The orc hits you with a war axe!
* * * LOW HITPOINT WARNING * * *
The orc wizard points at you and mumbles some strange words.
The magic dart hits you!
You die...

##### ...# #######
###.####.....# ##.
.....##.###.#
......##o#.##.###.#
#....o@{......#.#
#..###<#.##.#.#.#
...#.##.#.#.#
..).(..##.....#
############.###
#.# #.## #..# ##.#


You could see an orc wizard and an orc.

Vanquished Creatures
  Terence (D:2)
  Robin (D:3)
  An adder (D:2)
  A worm (D:2)
  3 giant geckos
  2 orcs (D:3)
  2 ball pythons
  A giant cockroach (D:1)
  9 hobgoblins
  2 jackals (D:1)
  5 kobolds
  A quokka (D:2)
  2 bats
  A giant newt (D:2)
  7 goblins (D:3)
  7 rats
46 creatures vanquished.

Vanquished Creatures (others)
  A hobgoblin (D:3)
1 creature vanquished.

Grand Total: 47 creatures vanquished

Notes
Turn   | Place    | Note
--------------------------------------------------------------
     0 | D:1      | Ngotmuk, the Minotaur Fighter, began the quest for the Orb.
     0 | D:1      | Reached XP level 1. HP: 19/19 MP: 1/1
    75 | D:1      | Reached XP level 2. HP: 8/26 MP: 1/1
   459 | D:1      | Reached skill level 4 in Armour
   686 | D:1      | Found a glowing golden altar of the Shining One.
   765 | D:2      | Reached XP level 3. HP: 24/33 MP: 2/2
   990 | D:2      | Found an opulent altar of Gozag.
   990 | D:2      | Found an ancient bone altar of Kikubaaqudgha.
  1140 | D:2      | Reached skill level 1 in Dodging
  1160 | D:2      | Noticed Terence
  1166 | D:2      | Killed Terence
  1376 | D:3      | Noticed Robin
  1401 | D:3      | Killed Robin
  1401 | D:3      | Reached XP level 4. HP: 26/40 MP: 2/2
  1446 | D:3      | Found a stormy altar of Qazlal.
  1510 | D:3      | HP: 2/40 [orc/war axe (8)]
  1510 | D:3      | Killed from afar by an orc wizard

Action                   |  1- 3 |  4- 6 || total
-------------------------+-------+-------++-------
Melee: Long sword        |   123 |    25 ||   148
  Use: Scroll            |     4 |       ||     4
  Eat: Beef jerky        |     1 |       ||     1
